 Dungeon Crawl Stone Soup version 0.28.0-62-gf88900778d (webtiles) character file.

Game seed: 4588247710421702426

1033 protoss039 the Cleaver (level 8, 0/70 HPs)
             Began as a Minotaur Berserker on Mar 29, 2023.
             Was a Priest of Trog.
             Slain by a boulder beetle (25 damage)
             ... on level 6 of the Dungeon.
             The game lasted 00:10:41 (5034 turns).

protoss039 the Cleaver (Minotaur Berserker)         Turns: 5034, Time: 00:10:41

Health: 0/70       AC:  7    Str: 24    XL:     8   Next: 3%
Magic:  7/7        EV: 12    Int:  4    God:    Trog [***...]
Gold:   244        SH:  0    Dex: 10    Spells: 7/7 levels left

rFire   . . .      SeeInvis .   a - +0 hand axe
rCold   . . .      Faith    .   (no shield)
rNeg    . . .      Spirit   .   l - +0 ring mail
rPois   .          Reflect  .   (helmet restricted)
rElec   .          Harm     .   (no cloak)
rCorr   +          Rampage  .   i - +0 pair of gloves
Will    .....                   (no boots)
Stlth   ..........              (no amulet)
HPRegen 0.21/turn               s - ring of resist corrosion
MPRegen 0.10/turn               (no ring)

@: no status effects
A: horns 2, retaliatory headbutt
a: Renounce Religion, Berserk, Trog's Hand


You were on level 6 of the Dungeon.
You worshipped Trog.
Trog was most pleased with you.
You visited 1 branch of the dungeon, and saw 6 of its levels.

You collected 272 gold pieces.
You spent 28 gold pieces at shops.

Inventory:

Hand Weapons
 a - a +0 hand axe (weapon)
Armour
 i - a +0 pair of gloves (worn)
 l - a +0 ring mail (worn)
Jewellery
 s - a ring of resist corrosion (left hand)
Wands
 k - a wand of mindburst (8)
Scrolls
 e - 2 scrolls of blinking
 f - 2 scrolls of amnesia
 h - a scroll of torment {unknown}
 n - 2 scrolls of teleportation {unknown}
 o - a scroll of immolation {unknown}
 p - a scroll of enchant armour {unknown}
 r - a scroll of fog {unknown}
 t - a scroll of vulnerability {unknown}
 u - a scroll of noise {unknown}
Potions
 b - 2 potions of lignification
 c - a potion of might {unknown}
 d - 4 potions of curing
 j - a potion of haste {unknown}
 m - a potion of magic {unknown}
 q - 3 potions of heal wounds


   Skills:
 + Level 6.0 Fighting
 + Level 8.2 Axes
 + Level 5.7 Armour
 + Level 4.5 Dodging


You had 7 spell levels left.
You didn't know any spells.
Your spell library was empty.

Dungeon Overview and Level Annotations

Branches:
Dungeon (6/15)
 Temple: D:4-7

Altars:
Trog
The Shining One

Shops:
D:1 ?


Innate Abilities, Weirdness & Mutations

You have a pair of horns on your head.
You reflexively headbutt those who attack you in melee.


Message History

There is a stone staircase leading down here.
You climb downwards.
There is a stone staircase leading up here.
Unknown command.
A boulder beetle is nearby!
There is a stone staircase leading up here.
Aiming: Mindburst
Press: ? - help, Shift-Dir - straight line, f - boulder beetle
Aim: a boulder beetle (chance to affect: 47%)
The boulder beetle resists with some effort.
The boulder beetle curls into a ball and begins rolling!
Unknown command.
The boulder beetle hits you!!
The boulder beetle stops rolling and uncurls.
You climb upwards.
There is a stone staircase leading down here.
There is a stone staircase leading down here.
You climb downwards.
There is a stone staircase leading up here.
Unknown command.
A boulder beetle is nearby!
A boulder beetle is nearby!
You climb upwards.
There is a stone staircase leading down here.
Unknown command.
You start resting.
HP restored.
You climb downwards.
The boulder beetle bites you!!
There is a stone staircase leading up, spattered with blood here.
Unknown command.
Unknown command.
Unknown command.
You hit the boulder beetle but do no damage.
The boulder beetle bites you!!
Unknown command.
You hit the boulder beetle but do no damage.
You headbutt the boulder beetle.
The boulder beetle is lightly wounded.
The boulder beetle bites you!!
You die...

#....##....##..
+....##....##..
#....#..B......
#....#.....##..
#....##....##.. .
####'##....##..
..########....########..
........B...............
.......@................
..##.....>..............
#............>.......
.........:..............
........##...###...###..
........###### ##### ###
..##....# .. #....#
#....#


You could see a boulder beetle.

Vanquished Creatures
  A water moccasin (D:5)
  3 black bears
  2 scorpions (D:4)
  A howler monkey (D:5)
  A bullfrog zombie (D:6)
  3 hounds
  An orc priest (D:4)
  A centaur skeleton (D:5)
  4 orc wizards
  A killer bee zombie (D:6)
  A hound skeleton (D:4)
  Robin (D:3)
  3 gnolls (D:5)
  5 adders
  An adder zombie (D:4)
  2 worms (D:4)
  3 dart slugs (D:1)
  8 orcs
  9 ball pythons
  6 bats
  11 endoplasms
  4 giant cockroaches
  10 goblins
  14 hobgoblins
  3 quokkas
  5 kobolds
  4 rats
108 creatures vanquished.

Vanquished Creatures (others)
  A plant (D:1)
1 creature vanquished.

Grand Total: 109 creatures vanquished

Notes
Turn   | Place    | Note
-------+----------+-------------------------------------------
     0 | D:1      | protoss039 the Minotaur Berserker began the quest for the
                  | Orb.
     0 | D:1      | Reached XP level 1. HP: 19/19 MP: 0/0
   132 | D:1      | Reached skill level 4 in Axes
   132 | D:1      | Reached XP level 2. HP: 21/27 MP: 1/1
   251 | D:1      | Found a faded altar of an unknown god.
   391 | D:1      | Found Korhiepie's Magic Scroll Boutique.
   400 | D:1      | Bought a scroll of identify for 28 gold pieces
   838 | D:2      | Reached XP level 3. HP: 33/33 MP: 2/2
  1056 | D:2      | Reached ** piety under Trog
  1549 | D:3      | Noticed Robin
  1559 | D:3      | Killed Robin
  1563 | D:3      | Identified the +1 chain mail "Pauxef" {Int+3}
  1570 | D:2      | Reached XP level 4. HP: 28/41 MP: 3/3
  1961 | D:3      | Found a bloodstained altar of Trog.
  2195 | D:3      | Found a glowing golden altar of the Shining One.
  2343 | D:4      | Noticed a scorpion
  2351 | D:4      | Killed a scorpion
  2352 | D:4      | Reached skill level 5 in Axes
  2352 | D:4      | Reached XP level 5. HP: 44/47 MP: 4/4
  2719 | D:4      | Reached skill level 5 in Fighting
  2811 | D:4      | Reached XP level 6. HP: 54/56 MP: 5/5
  2843 | D:4      | Reached *** piety under Trog
  2849 | D:4      | Reached skill level 6 in Axes
  3242 | D:5      | Entered Level 5 of the Dungeon
  3310 | D:5      | Noticed a water moccasin
  3323 | D:5      | Killed a water moccasin
  3486 | D:5      | Reached skill level 7 in Axes
  3486 | D:5      | Reached XP level 7. HP: 18/61 MP: 6/6
  4420 | D:6      | Reached skill level 5 in Armour
  4495 | D:6      | Reached skill level 8 in Axes
  4553 | D:6      | Noticed a boulder beetle
  4569 | D:6      | Reached XP level 8. HP: 70/70 MP: 7/7
  5034 | D:6      | Slain by a boulder beetle

Illustrated notes

Levels and vault maps discovered:
D:1:      psy_arrival_fountain, layout_basic,
          shapermc_ecumenical_altar_acropolis, serial_shops,
          nicolae_lakefront_shop
D:2:      layout_rooms
D:3:      layout_basic, tso_altar, mainiacjoe_overflow_cross_hatched, uniq_robin
D:4:      layout_cave_pools, minivault_27, minmay_circle_x
D:5:      cheibrodos_quashed, layout_basic
D:6:      layout_gridville

Skill      XL: |  1  2  3  4  5  6  7 |
---------------+----------------------+-----
Axes           | 4 5 7 8 |  8.2
Fighting       | 4 5 6 |  6.0
Dodging        | 3 4 |  4.5
Armour         | 3 4 5 |  5.7

Action                   |  1- 3 |  4- 6 |  7- 9 || total
-------------------------+-------+-------+-------++-------
Melee: Hand axe          |    75 |   107 |    54 ||   236
       Headbutt          |    14 |    18 |    14 ||    46
       Punch             |     1 |     1 |     2 ||     4
Invok: Berserk           |     1 |     1 |     1 ||     3
       Trog's Hand       |       |       |     1 ||     1
Evoke: Wand              |       |       |     1 ||     1
  Use: Scroll            |       |     4 |     2 ||     6
Armor: Animal skin       |    22 |       |       ||    22
       Ring mail         |     8 |    39 |    36 ||    83
Dodge: Dodged            |    59 |    61 |    52 ||   172
